 Dungeon Crawl Stone Soup version 0.18-a0-1396-g8753ca6 (webtiles) character file.

38 dvd the Chiller (level 3, -4/21 HPs)
             Began as an Octopode Ice Elementalist on Feb 23, 2016.
             Slain by a gnoll
             ... wielding a +0 flail
              (11 damage)
             ... on level 2 of the Dungeon.
             The game lasted 00:04:27 (1411 turns).

dvd the Chiller (Octopode Ice Elementalist)         Turns: 1411, Time: 00:04:28

Health: -4/21      AC:  1    Str:  7    XL:     3   Next: 43%
Magic:  0/6        EV: 12    Int: 18    God:
Gold:   97         SH:  0    Dex: 12    Spells: 2 memorised, 3 levels left

rFire  + . .     SeeInvis .     f - staff of death
rCold  . . .     Gourm    .     (no shield)
rNeg   + . .     Faith    .     (helmet restricted)
rPois  .         Spirit   .     (no amulet)
rElec  .         Dismiss  .     l - ring of protection from fire
rCorr  .         Reflect  .     (no ring)
SustAt .         Harm     .     (no ring)
MR     .....                    (no ring)
Stlth  +++.......               (no ring)
                                (no ring)
                                (no ring)
                                (no ring)

@: very slightly contaminated, not resistant to hostile enchantments, fairly
stealthy
A: almost no armour, amphibious, 8 rings, constrict 8, camouflage 1, gelatinous
body 1
a: no special abilities


You were on level 2 of the Dungeon.
You were very hungry.

You visited 1 branch of the dungeon, and saw 2 of its levels.

You collected 97 gold pieces.

Inventory:

Hand Weapons
 d - a +0 short sword
Magical Staves
 f - an uncursed staff of death (weapon)
Jewellery
 l - a ring of protection from fire (left tentacle)
Scrolls
 e - a scroll of identify {unknown}
 g - a scroll of remove curse {unknown}
 h - a scroll of immolation {unknown}
 j - a scroll of blinking {unknown}
 k - 2 scrolls of enchant armour {unknown}
Potions
 c - 2 potions of curing {unknown}
 i - a potion of might {unknown}
Books
 a - a book of Frost

   Spells                             Type                      Level
   a - Freeze                         Ice                          1
   b - Throw Frost                    Conjuration/Ice              2
   c - Ozocubu's Armour               Charms/Ice                   3
   d - Throw Icicle                   Conjuration/Ice              4
   e - Summon Ice Beast               Ice/Summoning                4
Comestibles
 b - 2 bread rations


   Skills:
 + Level 0.2 Fighting
 + Level 2.2 Dodging
 + Level 3.3 Stealth
 + Level 2.4 Spellcasting
 + Level 1.2 Conjurations
 + Level 3.4 Ice Magic


You had 3 spell levels left.
You knew the following spells:

 Your Spells              Type           Power        Failure   Level  Hunger
a - Freeze                Ice            ##..         4%          1    #......
b - Throw Frost           Conj/Ice       ##....       12%         2    ##.....


Dungeon Overview and Level Annotations

Branches:
Dungeon (2/15)

Altars:


Innate Abilities, Weirdness & Mutations

You cannot wear most types of armour.
You are amphibious.
You can wear up to eight rings at the same time.
You can use your tentacles to constrict eight enemies at once.
Your skin changes colour to match your surroundings (Stealth).
Your rubbery body absorbs attacks (AC +1).


Message History

You closely miss the gnoll. Your grab misses the gnoll.
The gnoll barely misses you.
You hit the gnoll. You grab the gnoll.
You squeeze the gnoll, but do no damage.
The gnoll is lightly wounded.
You constrict the gnoll. The gnoll hits you with a flail.
Casting: Freeze
Confirm with . or Enter, or press ? or * to list all spells.
Aiming: Freeze
Press: ? - help, Shift-Dir - straight line, f - gnoll
Aim: a gnoll, wielding a flail (lightly wounded, constricted by you)
You freeze the gnoll.
The gnoll is heavily wounded.
You constrict the gnoll, but do no damage.
You hit the gnoll.
You squeeze the gnoll, but do no damage.
The gnoll is almost dead.
You constrict the gnoll. The gnoll hits you with a flail!
Ouch! That really hurt!
You die... ##...## ...... ##.... ##....# ..... lg.

#g# #@# #.#
##'##
##...##
##.....##
##.......##
#.........#
+.........+
#.........#


You could see 2 gnolls and a giant newt.

Vanquished Creatures
  An adder (D:2)
  A gnoll (D:2)
  A dart slug (D:1)
  3 giant geckos (D:1)
  A hobgoblin (D:1)
  3 jackals (D:1)
  2 giant newts (D:1)
  4 rats (D:1)
16 creatures vanquished.

Notes
Turn   | Place    | Note
--------------------------------------------------------------
     0 | D:1      | dvd the Octopode Ice Elementalist began the quest for the Orb.
     0 | D:1      | Reached XP level 1. HP: 11/11 MP: 3/3
   263 | D:1      | Reached XP level 2. HP: 17/17 MP: 0/5
   320 | D:1      | Learned a level 2 spell: Throw Frost
  1148 | D:2      | Reached XP level 3. HP: 16/21 MP: 0/6
  1411 | D:2      | Slain by a gnoll

Vault maps used:
D:1:      elethiomel_arrival_infinity_welcomes_careful_drivers
D:2:      grunt_temple_overflow_open, first_bread, uniq_iyjb

Skill      XL: |  1  2 |
---------------+-------+-----
Stealth        | 3 |  3.3
Fighting       | |  0.2
Dodging        | |  2.2
Spellcasting   | |  2.4
Conjurations   | |  1.2
Ice Magic      | |  3.4

Action                   || total
-------------------------++-------
Melee: Unarmed           ||     9
       Short sword       ||     4
       Staff             ||     7
 Cast: Freeze            ||    14
       Throw Frost       ||    10
 Stab: Sleeping          ||     3
  Eat: Chunk             ||     1
